[ AOE2 MATCH · #495338167 ]
UnrankedLithuanians vs Khmer
Player's team · LOSS
Rival team · WIN
[ REPLAY ANALYSIS · EXTRACTED FROM THE RECORDED GAME ]
Feudal
10:10
Castle
18:51
Imperial
—
| APM avg | 45.3 |
| APM peak | 84 |
| eAPM avg | 19.5 |
| Villagers / military | 93 / 61 |
Focus
⚔️ 30.1% · 🌾 69.9%
Knight ×53 · Monk ×5 · Spearman ×2 · Scout Cavalry ×1
Feudal
9:16
Castle
21:33
Imperial
35:46
| APM avg | 34.1 |
| APM peak | 78 |
| eAPM avg | 15.9 |
| Villagers / military | 98 / 48 |
Focus
⚔️ 21.9% · 🌾 78.1%
Battle Elephant ×28 · Scout Cavalry ×6 · Archer ×4 · Spearman ×4 · Monk ×3 · Skirmisher ×2
Match map
Initial resources + every placement click. Lines = walls · curves = elevation contours. ◆ gold · ⬟ stone · ● berries · ✦ relic · ◌ wall gap
Your base· ✓ Closed at 18:51 · 45t walls · no gate
arif.caba's base· Open — opponent sealed themselves in
Smoothed initial terrain · ◌ = detected wall gap · hover for details
Inputs per minute
— simonthepope - - arif.caba
Build order — simonthepope
First 150 of 261 actions detected
| 0:01 | Queue | Villager (Male) ×5 |
| 0:02 | Build | House |
| 0:04 | Build | House |
| 0:10 | Build | House |
| 0:20 | Queue | Villager (Male) |
| 1:49 | Queue | Villager (Male) |
| 2:03 | Build | Lumber Camp |
| 2:06 | Queue | Villager (Male) |
| 2:18 | Queue | Villager (Male) |
| 2:58 | Queue | Villager (Male) |
| 2:59 | Queue | Villager (Male) |
| 3:05 | Build | House |
| 4:02 | Queue | Villager (Male) |
| 4:11 | Queue | Villager (Male) |
| 4:27 | Build | House |
| 4:36 | Queue | Villager (Male) |
| 5:15 | Build | Mill |
| 5:41 | Queue | Villager (Male) |
| 5:45 | Queue | Villager (Male) |
| 6:10 | Queue | Villager (Male) |
| 6:19 | Queue | Villager (Male) |
| 6:47 | Queue | Villager (Male) |
| 7:13 | Research | Loom |
| 7:22 | Build | Barracks |
| 7:40 | Research | Feudal Age |
| 7:51 | Build | House |
| 7:54 | Build | Palisade Wall |
| 8:06 | Queue | Villager (Male) |
| 8:16 | Build | Palisade Wall |
| 8:28 | Build | Palisade Wall |
| 8:29 | Build | Palisade Wall |
| 9:23 | Build | Palisade Wall |
| 9:52 | Build | Palisade Wall |
| 9:54 | Build | Palisade Wall |
| 10:10 | Age | Feudal Age |
| 10:18 | Build | Stable |
| 10:26 | Build | House |
| 10:29 | Build | Palisade Wall |
| 10:37 | Queue | Villager (Male) |
| 10:54 | Queue | Villager (Male) |
| 10:55 | Queue | Spearman |
| 11:05 | Queue | Villager (Male) |
| 11:10 | Build | Palisade Wall |
| 11:11 | Queue | Villager (Male) |
| 11:15 | Research | Double-Bit Axe |
| 11:16 | Research | Horse Collar |
| 11:41 | Queue | Villager (Male) |
| 12:05 | Build | Farm |
| 12:06 | Build | Farm |
| 12:07 | Build | Farm |
| 12:07 | Build | Farm |
| 12:07 | Build | Farm |
| 12:07 | Build | Farm |
| 12:30 | Build | Farm |
| 12:31 | Build | Farm |
| 12:55 | Build | Farm |
| 13:00 | Queue | Spearman |
| 13:16 | Queue | Villager (Male) |
| 13:16 | Queue | Villager (Male) |
| 13:40 | Build | Mining Camp |
| 13:41 | Queue | Villager (Male) |
| 13:44 | Build | Palisade Wall |
| 13:55 | Queue | Villager (Male) |
| 14:03 | Build | Farm |
| 14:04 | Queue | Villager (Male) |
| 14:13 | Build | House |
| 14:15 | Build | House |
| 14:49 | Queue | Villager (Male) |
| 14:53 | Build | Blacksmith |
| 15:30 | Queue | Villager (Male) |
| 15:36 | Build | Palisade Wall |
| 15:37 | Build | Palisade Wall |
| 15:44 | Queue | Scout Cavalry |
| 15:55 | Build | Palisade Wall |
| 16:00 | Build | Farm |
| 16:02 | Build | Farm |
| 16:05 | Research | Castle Age |
| 16:50 | Build | House |
| 16:51 | Build | House |
| 17:06 | Build | Stable |
| 17:08 | Research | Bloodlines |
| 17:09 | Research | Scale Barding Armor |
| 17:31 | Research | Gold Mining |
| 17:53 | Build | House |
| 17:54 | Build | House |
| 18:51 | Age | Castle Age |
| 18:52 | Build | Farm |
| 18:55 | Research | Chain Barding Armor |
| 18:56 | Queue | Knight |
| 18:56 | Queue | Knight |
| 19:25 | Queue | Villager (Male) |
| 20:13 | Queue | Villager (Male) |
| 20:22 | Research | Husbandry |
| 20:25 | Build | Market |
| 20:26 | Queue | Villager (Male) |
| 20:26 | Queue | Villager (Male) |
| 20:33 | Build | Watch Tower |
| 20:40 | Queue | Knight |
| 20:44 | Build | Farm |
| 20:44 | Build | Farm |
| 20:45 | Build | Farm |
| 20:45 | Build | Farm |
| 20:48 | Build | Monastery |
| 21:02 | Build | Farm |
| 21:26 | Queue | Villager (Male) |
| 21:31 | Queue | Knight |
| 21:54 | Queue | Monk |
| 22:12 | Queue | Villager (Male) |
| 22:13 | Queue | Villager (Male) |
| 22:15 | Queue | Villager (Male) |
| 22:19 | Queue | Knight |
| 22:28 | Queue | Villager (Male) |
| 22:36 | Queue | Villager (Male) |
| 22:37 | Queue | Knight |
| 22:42 | Queue | Villager (Male) |
| 22:45 | Queue | Villager (Male) |
| 22:45 | Queue | Villager (Male) |
| 22:49 | Build | Farm |
| 23:02 | Queue | Knight |
| 23:03 | Queue | Villager (Male) |
| 23:14 | Queue | Monk |
| 23:26 | Queue | Villager (Male) |
| 23:29 | Build | Lumber Camp |
| 23:31 | Queue | Villager (Male) |
| 23:33 | Queue | Knight |
| 23:44 | Queue | Villager (Male) |
| 23:49 | Queue | Knight |
| 23:49 | Queue | Knight |
| 23:58 | Queue | Villager (Male) |
| 24:01 | Queue | Knight |
| 24:12 | Research | Heavy Plow |
| 24:23 | Queue | Villager (Male) |
| 24:31 | Queue | Knight |
| 24:56 | Queue | Villager (Male) |
| 24:57 | Queue | Villager (Male) |
| 25:07 | Build | House |
| 25:07 | Build | House |
| 25:09 | Queue | Knight |
| 25:11 | Queue | Villager (Male) |
| 25:22 | Queue | Villager (Male) |
| 25:40 | Queue | Knight |
| 25:54 | Queue | Knight ×2 |
| 26:07 | Queue | Villager (Male) |
| 26:09 | Research | Forging |
| 26:15 | Build | House |
| 26:16 | Queue | Villager (Male) |
| 26:52 | Queue | Knight |
| 26:52 | Queue | Knight |
| 26:53 | Queue | Villager (Male) |
| 26:57 | Queue | Monk |
Build order — arif.caba
First 150 of 254 actions detected
| 0:01 | Queue | Villager (Male) |
| 0:01 | Queue | Villager (Male) |
| 0:03 | Build | House |
| 0:05 | Build | House |
| 0:20 | Queue | Villager (Male) |
| 0:36 | Queue | Villager (Male) |
| 1:29 | Queue | Villager (Male) |
| 1:29 | Queue | Villager (Male) |
| 1:51 | Build | Lumber Camp |
| 2:02 | Queue | Villager (Male) |
| 2:02 | Queue | Villager (Male) |
| 2:02 | Queue | Villager (Male) |
| 2:02 | Queue | Villager (Male) |
| 2:02 | Queue | Villager (Male) |
| 2:16 | Queue | Villager (Male) |
| 2:16 | Queue | Villager (Male) |
| 2:16 | Queue | Villager (Male) |
| 2:17 | Queue | Villager (Male) |
| 2:17 | Queue | Villager (Male) |
| 2:48 | Queue | Villager (Male) |
| 2:48 | Queue | Villager (Male) |
| 2:48 | Queue | Villager (Male) |
| 3:03 | Queue | Villager (Male) |
| 3:03 | Queue | Villager (Male) |
| 3:03 | Queue | Villager (Male) |
| 3:41 | Queue | Villager (Male) |
| 3:41 | Queue | Villager (Male) |
| 3:42 | Queue | Villager (Male) |
| 4:01 | Queue | Villager (Male) |
| 4:04 | Build | House |
| 4:17 | Build | Mill |
| 4:33 | Queue | Villager (Male) |
| 4:33 | Queue | Villager (Male) |
| 4:33 | Queue | Villager (Male) |
| 4:34 | Queue | Villager (Male) |
| 4:34 | Queue | Villager (Male) |
| 4:58 | Queue | Villager (Male) |
| 4:58 | Queue | Villager (Male) |
| 4:58 | Queue | Villager (Male) |
| 5:32 | Queue | Villager (Male) |
| 5:32 | Queue | Villager (Male) |
| 5:38 | Queue | Villager (Male) |
| 5:38 | Queue | Villager (Male) |
| 6:07 | Research | Loom |
| 7:06 | Research | Feudal Age |
| 7:06 | Research | Feudal Age |
| 7:26 | Build | House |
| 7:29 | Build | Palisade Wall |
| 7:39 | Build | Barracks |
| 7:56 | Build | Palisade Wall |
| 9:16 | Age | Feudal Age |
| 9:17 | Queue | Villager (Male) |
| 9:23 | Build | Stable |
| 9:28 | Build | House |
| 9:37 | Queue | Villager (Male) |
| 9:49 | Queue | Villager (Male) |
| 9:52 | Research | Double-Bit Axe |
| 9:52 | Research | Double-Bit Axe |
| 10:12 | Queue | Scout Cavalry |
| 10:13 | Queue | Scout Cavalry |
| 10:16 | Build | Palisade Wall |
| 10:35 | Queue | Villager (Male) |
| 10:53 | Build | Farm |
| 10:57 | Build | Farm |
| 10:59 | Queue | Villager (Male) |
| 10:59 | Queue | Villager (Male) |
| 11:14 | Queue | Villager (Male) |
| 11:36 | Build | Farm |
| 11:41 | Queue | Scout Cavalry |
| 11:58 | Build | Farm |
| 12:04 | Queue | Villager (Male) |
| 12:08 | Build | Farm |
| 12:09 | Build | Farm |
| 12:11 | Build | Farm |
| 12:24 | Build | Archery Range |
| 12:26 | Queue | Villager (Male) |
| 12:32 | Queue | Spearman |
| 12:42 | Build | Farm |
| 12:45 | Build | Farm |
| 12:46 | Queue | Villager (Male) |
| 12:57 | Build | House |
| 13:09 | Queue | Scout Cavalry |
| 13:24 | Build | Farm |
| 13:30 | Build | Farm |
| 13:31 | Queue | Villager (Male) |
| 13:50 | Queue | Villager (Male) |
| 14:00 | Build | Lumber Camp |
| 14:10 | Queue | Scout Cavalry |
| 14:24 | Queue | Skirmisher |
| 14:24 | Queue | Skirmisher |
| 14:27 | Queue | Villager (Male) |
| 14:31 | Build | Mining Camp |
| 14:35 | Build | House |
| 14:38 | Queue | Villager (Male) |
| 15:01 | Queue | Archer |
| 15:12 | Queue | Villager (Male) |
| 15:24 | Build | Market |
| 15:39 | Build | House |
| 16:01 | Queue | Archer |
| 16:05 | Queue | Villager (Male) |
| 16:16 | Build | House |
| 16:29 | Queue | Villager (Male) |
| 16:33 | Build | Blacksmith |
| 16:38 | Build | House |
| 16:44 | Queue | Archer |
| 16:59 | Research | Wheelbarrow |
| 17:12 | Build | Farm |
| 17:23 | Build | Farm |
| 17:35 | Build | Farm |
| 17:37 | Research | Fletching |
| 17:56 | Queue | Archer |
| 18:22 | Queue | Villager (Male) |
| 18:35 | Build | Stable |
| 18:53 | Research | Castle Age |
| 18:53 | Research | Castle Age |
| 19:00 | Build | Palisade Wall |
| 19:34 | Queue | Spearman |
| 19:35 | Queue | Spearman |
| 20:26 | Build | Palisade Gate |
| 20:31 | Build | Stable |
| 20:35 | Research | Gold Mining |
| 20:49 | Research | Scale Barding Armor |
| 21:02 | Build | Farm |
| 21:16 | Build | Farm |
| 21:22 | Queue | Spearman |
| 21:25 | Research | Forging |
| 21:33 | Age | Castle Age |
| 21:36 | Queue | Villager (Male) |
| 21:40 | Queue | Battle Elephant |
| 21:40 | Queue | Battle Elephant |
| 21:46 | Build | House |
| 21:52 | Build | House |
| 21:55 | Build | Palisade Wall |
| 22:00 | Queue | Villager (Male) |
| 22:17 | Build | Lumber Camp |
| 22:20 | Queue | Villager (Male) |
| 22:25 | Queue | Battle Elephant |
| 22:25 | Queue | Battle Elephant |
| 22:36 | Build | Farm |
| 22:46 | Queue | Villager (Male) |
| 23:08 | Queue | Battle Elephant |
| 23:10 | Queue | Villager (Male) |
| 23:24 | Build | Monastery |
| 23:33 | Research | Bloodlines |
| 23:39 | Build | House |
| 23:52 | Queue | Battle Elephant |
| 23:52 | Queue | Battle Elephant |
| 23:53 | Queue | Battle Elephant |
| 24:00 | Queue | Villager (Male) |
| 24:00 | Queue | Villager (Male) |
Match timeline
| 7:22 | simonthepope · first_building Barracks |
| 7:29 | arif.caba · wall_segment Palisade Wall x5 |
| 7:39 | arif.caba · first_building Barracks |
| 7:54 | simonthepope · wall_segment Palisade Wall x6 |
| 7:56 | arif.caba · wall_segment Palisade Wall x12 |
| 8:16 | simonthepope · wall_segment Palisade Wall x2 |
| 8:28 | simonthepope · wall_segment Palisade Wall x4 |
| 8:29 | simonthepope · wall_segment Palisade Wall x1 |
| 9:16 | arif.caba · age_up feudal |
| 9:23 | simonthepope · wall_segment Palisade Wall x8 |
| 9:23 | arif.caba · first_building Stable |
| 9:52 | simonthepope · wall_segment Palisade Wall x6 |
| 9:54 | simonthepope · wall_segment Palisade Wall x1 |
| 10:10 | simonthepope · age_up feudal |
| 10:16 | arif.caba · wall_segment Palisade Wall x1 |
| 10:18 | simonthepope · first_building Stable |
| 10:29 | simonthepope · wall_segment Palisade Wall x3 |
| 11:10 | simonthepope · wall_segment Palisade Wall x5 |
| 12:24 | arif.caba · first_building Archery Range |
| 13:44 | simonthepope · wall_segment Palisade Wall x1 |
| 15:36 | simonthepope · wall_segment Palisade Wall x1 |
| 15:37 | simonthepope · wall_segment Palisade Wall x1 |
| 15:55 | simonthepope · wall_segment Palisade Wall x6 |
| 18:51 | simonthepope · age_up castle |
| 19:00 | arif.caba · wall_segment Palisade Wall x18 |
| 20:48 | simonthepope · first_building Monastery |
| 21:33 | arif.caba · age_up castle |
| 21:55 | arif.caba · wall_segment Palisade Wall x1 |
| 22:17 | simonthepope · first_market_sell 100 wood |
| 23:24 | arif.caba · first_building Monastery |
| 26:25 | simonthepope · first_market_buy 100 wood |
| 26:29 | arif.caba · first_building Siege Workshop |
| 34:20 | arif.caba · wall_segment Palisade Wall x1 |
| 34:30 | arif.caba · first_market_buy 100 stone |
| 34:34 | arif.caba · first_building Castle |
| 35:04 | simonthepope · wall_segment Stone Wall x1 |
| 35:46 | arif.caba · age_up imperial |
| 36:45 | simonthepope · first_building Archery Range |
| 37:13 | simonthepope · resign |
[ AI ANALYSIS · 1 CREDIT ]
What really happened in this match?
Wolo.gg analyzes every decision: build order, eco, micro, common mistakes by bracket. Personalized analysis on WhatsApp or Discord in 30 seconds.
Civ guide
Lithuanians
Perfil
Jugador #10425540